 Dungeon Crawl Stone Soup version 0.30-a0-1043-g60ff8d5f49 (webtiles) character file.

Game seed: 188065875699986156

139296 greenreed the Slayer (level 16, -5/167 HPs)
             Began as a Minotaur Berserker on Apr 9, 2023.
             Was the Champion of Trog.
             Slain by a wolf spider (8 damage)
             ... summoned by a broodmother
             ... on level 4 of the Spider Nest.
             The game lasted 01:01:38 (28271 turns).

greenreed the Slayer (Minotaur Berserker)          Turns: 28271, Time: 01:01:39

Health: -5/167     AC: 23    Str: 35    XL:     16   Next: 73%
Magic:  5/15       EV: 15    Int:  4    God:    Trog [******]
Gold:   1747       SH:  0    Dex: 10    Spells: 15/15 levels left

rFire   + + .      SeeInvis +    K - +2 executioner's axe (freeze)
rCold   + + +      Faith    +    (shield currently unavailable)
rNeg    . . .      Spirit   .    R - +3 scale mail {rF+}
rPois   .          Reflect  .    Q - +0 mask of the Dragon {Will+ Slay+3 SInv}
rElec   .          Rampage  .    N - +2 cloak {rCorr}
rCorr   +                        s - +1 pair of gloves {infuse}
Will    +++++                    f - +1 pair of boots of Protective Custody {rC+++ Will+} Stlth
                                 X - amulet of faith
HPRegen 0.47/turn                B - ring "Bolyucw" {rC+ Will++ rCorr Str+5}
MPRegen 0.14/turn                A - ring of protection from fire

@: lethally poisoned (-5 -> -34), on berserk cooldown, hasted and slowed,
studying Armour
A: horns 2, retaliatory headbutt
a: Renounce Religion, Berserk, Trog's Hand, Brothers in Arms


You were on level 4 of the Spider Nest.
You worshipped Trog.
Trog was exalted by your worship.
You visited 4 branches of the dungeon, and saw 25 of its levels.
You also visited: Ossuary.

You collected 2779 gold pieces.
You spent 1032 gold pieces at shops.

Inventory:

Hand Weapons
 n - the +5 arbalest of Qaihirgh {flame, rN+ MP+9 Str+2 Int+5}
   (You found it on level 2 of the Lair of Beasts)

   Str:       It affects your strength (+2).
   Int:       It affects your intelligence (+5).
   rN:        It protects you from negative energy.
   MP:        It affects your magic capacity (+9).
 r - a -1 demon whip of venom
 y - a +0 battleaxe
 J - the +11 battleaxe of Animal Spirits {heavy, rN++ rCorr Str-4}
   (Trog gifted it to you on level 3 of the Spider Nest)

   Str:       It affects your strength (-4).
   rN:        It greatly protects you from negative energy.
   rCorr:     It protects you from acid and corrosion.
 K - a +2 executioner's axe of freezing (weapon)
 O - a +5 war axe of venom
 Y - a +5 war axe of flaming
Missiles
 P - 3 throwing nets (quivered)
Armour
 f - the +1 pair of boots of Protective Custody (worn) {rC+++ Will+}
   (You bought it in a shop on level 2 of the Orcish Mines)

   rC:        It renders you almost immune to cold.
   Will:      It increases your willpower.
 s - a +1 pair of gloves of infusion (worn)
 N - a +2 cloak of preservation (worn)
 Q - the +0 mask of the Dragon (worn) {Will+ Slay+3 SInv}
   (You found it on level 9 of the Dungeon)

   Slay:      It affects your accuracy & damage with ranged weapons and melee
   (+3).
   SInv:      It lets you see invisible.
   Will:      It increases your willpower.
 R - a +3 scale mail of fire resistance (worn)
Jewellery
 A - a ring of protection from fire (right hand)
 B - the ring "Bolyucw" (left hand) {rC+ Will++ rCorr Str+5}
   (You found it on level 5 of the Dungeon)

   [ring of resist corrosion]

   Str:       It affects your strength (+5).
   rC:        It protects you from cold.
   rCorr:     It protects you from acid and corrosion.
   Will:      It greatly increases your willpower.
 L - a ring of flight
 X - an amulet of faith (around neck)
Wands
 b - a wand of flame (31)
 h - a wand of quicksilver (4)
 x - a wand of mindburst (47)
 C - a wand of charming (34)
 M - a wand of digging (12)
 V - a wand of roots (12)
 Z - a wand of polymorph (8)
Scrolls
 a - 4 scrolls of blinking
 e - 4 scrolls of fear
 g - 5 scrolls of enchant armour
 i - 7 scrolls of poison
 l - 2 scrolls of vulnerability
 m - 6 scrolls of magic mapping
 o - 9 scrolls of fog
 q - 13 scrolls of teleportation
 w - 2 scrolls of brand weapon
 D - 2 scrolls of summoning
 F - 3 scrolls of silence
 G - a scroll of torment
 I - 2 scrolls of enchant weapon
 U - 3 scrolls of identify
 W - a scroll of immolation
Potions
 d - 2 potions of resistance
 j - 8 potions of flight
 k - 2 potions of haste
 p - 3 potions of berserk rage
 t - 11 potions of might
 u - 2 potions of magic
 v - 5 potions of mutation
 z - 9 potions of curing
 E - 3 potions of invisibility
 H - 3 potions of cancellation
 S - 5 potions of attraction
 T - 2 potions of lignification


   Skills:
 * Level 21.1 Fighting
 * Level 21.0 Axes
 + Level 17.5 Armour
 + Level 14.1 Dodging


You had 15 spell levels left.
You didn't know any spells.
Your spell library was empty.

Dungeon Overview and Level Annotations

Branches:
Dungeon (14/15)            Temple (0/1) D:7            Lair (5/5) D:8
 Shoals (0/4) Lair:3       Spider (4/4) Lair:2        Slime (0/5) Lair:4
    Orc (2/2) D:9             Elf (0/3) Orc:2        Vaults (0/5) D:13
Ossuary (visited)

Altars:
Gozag
Hepliaklqana
Jiyva

Shops:
D:7 *   D:10 !   D:11 =   D:13 ?   Orc:2 (*?[

Portals:
Trove: D:11 (give +6 demon whip)


Innate Abilities, Weirdness & Mutations

You have a pair of horns on your head.
You reflexively headbutt those who attack you in melee.


Message History

Your cyclops hits the jumping spider!!
The jumping spider dies!
Trog accepts your kill.
Unknown command.
Unknown command.
You feel very sick. The tarantella barely misses you. The wolf spider hits you.
* * * LOW HITPOINT WARNING * * *
The wolf spider bites you but does no damage.
The tarantella touches you but does no damage.
The broodmother summons spiders!
Unknown command.
Unknown command.
Unknown command.
You feel much better.
You feel sick.
The redback disappears in a puff of smoke!
The wolf spider hits you.
* * * LOW HITPOINT WARNING * * *
The wolf spider bites you but does no damage.
The jumping spider is healed somewhat.
The jorogumo hits you but does no damage.
The wolf spider hits you.
* * * LOW HITPOINT WARNING * * *
The wolf spider bites you.
* * * LOW HITPOINT WARNING * * *
You are lethally poisoned!
The wolf spider poisons you!
The jumping spider is healed somewhat.
Unknown command.
You feel yourself speed up.
* * * LOW HITPOINT WARNING * * *
You feel extremely sick. The jorogumo casts a spell at you.
The stream of webbing misses you. The wolf spider closely misses you.
The wolf spider bites you but does no damage.
The wolf spider hits you!
* * * LOW HITPOINT WARNING * * *
The wolf spider completely misses you.
The jumping spider's wounds heal themselves!
The wolf spider hits you!
You die...

........#.#.#......
.......^##########
.......§##########
...............^^#
.....°.§.C......^#
!....s.s.†...s...###
......^s...†.ssss..#####
.....###.....s.ss.......
....^# #^....ssH@.....^.
....^# #...s######......
≈...~# ##..## ..)..
~....# #.## ...# ^...^#
#.# ..# ....^^ ### ##


You could see a broodmother, a jorogumo, a demonic crawler, 3 wolf spiders, an
orb spider (summoned), a culicivora (summoned), a jumping spider (summoned, ally
target), 3 tarantellas and a friendly cyclops (summoned, berserk, confused).

Vanquished Creatures
  3 emperor scorpions
  A ghost moth (Spider:1)
  A broodmother (Spider:2)
  A dire elephant (Spider:4)
  An entropy weaver (Spider:4)
  7 hydras
  A catoblepas (Lair:5)
  A jorogumo (Spider:3)
  3 radroaches
  Harold (Lair:1)
  Erica (Lair:1)
  3 centaur warriors
  3 two-headed ogres
  5 death yaks (Lair:3)
  A tengu warrior (D:13)
  4 boulder beetles
  3 orc high priests (Orc:2)
  The ghost of rinse the Insei, a novice OpTm of Gozag (D:9)
  Amaemon (Lair:1)
  Nergalle (D:12)
  A fire crab (D:8)
  3 skysharks
  7 pharaoh ants
  A sun moth (Spider:4)
  Lodul (D:12)
  6 orb spiders
  7 orc knights
  The ghost of xian the Cleaver, a novice DrBe of Trog (D:6)
  A deep elf archer (Spider:4)
  A necromancer (D:13)
  A deep elf pyromancer (D:13)
  A lindwurm (Lair:5)
  7 steelbarb worms
  5 orc sorcerers
  An ugly thing (D:11)
  20 wolf spiders
  2 cyclopes
  A manticore (D:12)
  11 black mambas
  A moth of wrath (Spider:1)
  27 elephants
  An ice statue (D:11)
  A guardian serpent (Lair:5)
  6 demonic crawlers
  Maurice (D:8)
  An orange demon (Lair:1)
  9 cane toads
  2 torpor snails
  A gargoyle (D:13)
  3 unseen horrors
  2 kobold demonologists
  9 komodo dragons
  3 rime drakes
  A freezing wraith (D:13)
  A tengu conjurer (D:13)
  7 trolls
  10 polar bears (Lair:5)
  A queen bee (D:11)
  15 blink frogs
  2 hornets (Lair:5)
  16 tarantellas
  Prince Ribbit (D:7)
  21 jumping spiders
  2 raiju (Lair:5)
  7 dream sheep (Lair:5)
  A slime creature (D:13)
  14 culicivoras
  3 shadows
  16 wyverns
  4 wraiths
  65 yaks
  A steam dragon (shapeshifter) (D:13)
  3 vampire mosquitoes (D:13)
  2 steam dragons
  7 wargs
  41 redbacks
  3 swamp worms (Lair:5)
  13 hell hounds (Lair:5)
  31 water moccasins
  12 black bears
  29 orc warriors
  A sky beast (D:8)
  2 ice beasts (D:6)
  22 wolves
  4 ogres
  A centaur (D:7)
  6 elf zombies (Ossuary)
  8 bullfrogs
  3 kobold brigands
  2 gnoll sergeants
  3 scorpions
  3 wights (D:8)
  21 killer bees
  6 electric eels
  4 centaur zombies (Ossuary)
  2 human zombies (Ossuary)
  4 jellies
  20 orc priests
  3 hounds
  Crazy Yiuf (D:7)
  A gnoll bouda (D:7)
  4 sleepcaps
  Jessica (D:2)
  An iguana (D:7)
  25 orc wizards
  4 mummies
  13 gnolls
  15 adders
  A shadow imp (D:5)
  2 white imps
  An ufetubus (D:6)
  2 worms
  A dart slug (D:2)
  104 orcs
  7 ball pythons
  5 endoplasms
  4 giant cockroaches
  10 goblins
  5 hobgoblins
  5 quokkas
  3 bats
  2 frilled lizards (D:2)
  20 kobolds
  3 rats
872 creatures vanquished.

Vanquished Creatures (collateral kills)
  An emperor scorpion (Spider:3)
  2 two-headed ogres
  2 pharaoh ants
  An orb spider (Spider:3)
  A wolf spider (Spider:3)
  A moth of wrath (Spider:3)
  2 slime creatures (D:13)
  2 culicivoras (Spider:3)
  2 jumping spiders (Spider:4)
  A redback (Spider:4)
  An acid dragon (D:11)
  3 orc warriors (D:9)
  5 ogres (D:12)
24 creatures vanquished.

Vanquished Creatures (others)
  A jumping spider (Spider:4)
  42 fungi
  114 plants
157 creatures vanquished.

Grand Total: 1053 creatures vanquished

Notes
Turn   | Place    | Note
-------+----------+-------------------------------------------
     0 | D:1      | greenreed the Minotaur Berserker began the quest for the
                  | Orb.
     0 | D:1      | Reached XP level 1. HP: 19/19 MP: 0/0
     1 | D:1      | Noticed an electric eel
   247 | D:1      | Reached XP level 2. HP: 17/27 MP: 1/1
  1024 | D:2      | Reached XP level 3. HP: 19/33 MP: 2/2
  1227 | D:2      | Noticed Jessica
  1239 | D:2      | Killed Jessica
  1240 | D:2      | Reached XP level 4. HP: 36/41 MP: 3/3
  1343 | D:2      | Reached ** piety under Trog
  2552 | D:4      | Reached XP level 5. HP: 46/47 MP: 4/4
  2640 | D:4      | Reached skill level 5 in Fighting
  2754 | D:4      | Reached skill level 5 in Axes
  2906 | D:4      | Reached XP level 6. HP: 54/56 MP: 5/5
  3179 | D:5      | Entered Level 5 of the Dungeon
  3340 | D:5      | Identified the ring "Bolyucw" {rC+ Will++ rCorr Str+5}
  3468 | D:5      | Reached *** piety under Trog
  4362 | D:6      | Noticed an ice beast
  4374 | D:6      | Killed an ice beast
  4375 | D:6      | Reached XP level 7. HP: 63/63 MP: 6/6
  4480 | D:6      | Found a runed translucent gate.
  4481 | D:6      | Found a runed translucent gate.
  4481 | D:6      | Found a runed translucent gate.
  4482 | D:6      | Found an opulent altar of Gozag.
  4482 | D:6      | Noticed xian's ghost (novice DrBe)
  4661 | D:6      | Reached skill level 5 in Armour
  5063 | D:7      | Found a sand-covered staircase.
  5075 | Ossuary  | Entered an ossuary
  5176 | Ossuary  | Reached XP level 8. HP: 67/73 MP: 7/7
  5296 | Ossuary  | Reached skill level 5 in Dodging
  5486 | D:7      | Found a staircase to the Ecumenical Temple.
  5557 | D:7      | Reached **** piety under Trog
  5738 | D:7      | Found Fewucur's Assorted Antiques.
  6042 | D:7      | Found a runed translucent door.
  6043 | D:7      | Noticed Crazy Yiuf
  6050 | D:7      | Killed Crazy Yiuf
  6248 | D:7      | Reached XP level 9. HP: 83/83 MP: 8/8
  6389 | D:7      | Noticed Prince Ribbit
  6405 | D:7      | Killed Prince Ribbit
  6603 | D:8      | Noticed Maurice
  6630 | D:8      | Killed Maurice
  6889 | D:8      | Reached skill level 10 in Fighting
  6961 | D:8      | Reached skill level 10 in Axes
  7198 | D:8      | Found a staircase to the Lair.
  7198 | D:8      | Noticed a fire crab
  7231 | D:8      | Killed a fire crab
  7414 | D:9      | Reached XP level 10. HP: 94/94 MP: 9/9
  7571 | D:9      | Found a staircase to the Orcish Mines.
  7609 | D:9      | Reached ***** piety under Trog
  7706 | D:9      | Found a runed translucent gate.
  7707 | D:9      | Found a runed translucent gate.
  7707 | D:9      | Noticed rinse's ghost (novice OpTm)
  7709 | D:9      | Found a runed translucent gate.
  7715 | D:9      | Found the +0 mask of the Dragon {Will+ Slay+3 SInv}
  7740 | D:9      | Killed rinse's ghost
  7740 | D:9      | HP: 3/144 [orc warrior/+0 glaive (7)]
  8101 | D:9      | Noticed a two-headed ogre
  8107 | D:9      | Killed a two-headed ogre
  8119 | D:9      | Found a hazy altar of Hepliaklqana.
  8278 | D:9      | Noticed a two-headed ogre
  8285 | D:9      | Killed a two-headed ogre
  8286 | D:9      | Reached XP level 11. HP: 105/105 MP: 10/10
  8645 | D:10     | Entered Level 10 of the Dungeon
  9281 | D:10     | Found Iheedafa's Distillery.
  9286 | D:10     | Bought a potion of lignification for 33 gold pieces
  9827 | D:11     | Found Veluil's Jewellery Shoppe.
  9879 | D:11     | Noticed a red ugly thing
  9891 | D:11     | Killed a red ugly thing
 10238 | D:11     | Noticed a two-headed ogre
 10244 | D:11     | Killed a two-headed ogre
 10350 | D:11     | Noticed a centaur warrior
 10357 | D:11     | Killed a centaur warrior
 10424 | D:11     | Found a portal to a secret trove of treasure.
 10687 | D:11     | Noticed a boulder beetle
 10699 | D:11     | Killed a boulder beetle
 11169 | D:12     | Reached skill level 10 in Armour
 11266 | D:12     | Noticed Lodul
 11274 | D:12     | Killed Lodul
 11275 | D:12     | Reached XP level 12. HP: 110/117 MP: 11/11
 11308 | D:12     | Noticed a boulder beetle
 11323 | D:12     | Killed a boulder beetle
 11365 | D:12     | Noticed a centaur warrior
 11377 | D:12     | Killed a centaur warrior
 11529 | D:12     | Noticed Nergalle
 11535 | D:12     | Killed Nergalle
 12040 | D:13     | Noticed a centaur warrior
 12046 | D:13     | Noticed a tengu warrior
 12050 | D:13     | Killed a centaur warrior
 12282 | D:13     | Found Kasieri's Magic Scroll Shoppe.
 12285 | D:13     | Bought a scroll of noise for 15 gold pieces
 12285 | D:13     | Bought a scroll of identify for 30 gold pieces
 12541 | D:13     | Reached skill level 15 in Fighting
 12700 | D:13     | Found a gate to the Vaults.
 12750 | D:13     | Killed a tengu warrior
 12751 | D:13     | Reached skill level 15 in Axes
 12751 | D:13     | Reached skill level 10 in Dodging
 12861 | D:14     | Noticed a two-headed ogre
 12861 | D:14     | Noticed a centaur warrior
 12862 | D:14     | Noticed a boulder beetle
 12994 | Lair:1   | Entered Level 1 of the Lair of Beasts
 13065 | Lair:1   | Noticed Harold
 13078 | Lair:1   | Killed Harold
 13245 | Lair:1   | Identified the +0 scale mail "Noig" {Fly rF++ rC-}
 13280 | Lair:1   | Noticed Erica
 13295 | Lair:1   | Killed Erica
 13527 | Lair:1   | Noticed Amaemon
 13548 | Lair:1   | Reached XP level 13. HP: 65/127 MP: 12/12
 13837 | Lair:1   | Killed Amaemon
 14270 | Lair:2   | Found a hole to the Spider Nest.
 14330 | Lair:2   | Identified the +5 arbalest of Qaihirgh {flame, rN+ MP+9
                  | Str+2 Int+5}
 14721 | Lair:2   | You fall into a shaft and drop 1 floor!
 15078 | Lair:3   | Received a gift from Trog
 15086 | Lair:3   | Identified a scroll of acquirement
 15087 | Lair:3   | Acquired a +2 executioner's axe of freezing
 15279 | Lair:3   | Found a staircase to the Shoals.
 16065 | Lair:4   | Reached ****** piety under Trog
 16071 | Lair:4   | Reached XP level 14. HP: 105/140 MP: 13/13
 16948 | Lair:4   | Found a staircase to the Slime Pits.
 16954 | Lair:4   | Found a viscous altar of Jiyva.
 17546 | Lair:5   | Entered Level 5 of the Lair of Beasts
 17575 | Lair:5   | Acquired a manual of Armour
 17705 | Lair:5   | Identified the +11 quarterstaff of Kilut {antimagic, *Noise
                  | rElec Str+3} (Trog gifted it to you on level 5 of the Lair
                  | of Beasts)
 17705 | Lair:5   | Received a gift from Trog
 18056 | Lair:5   | Paralysed by a hornet for 1 turns
 18521 | Lair:5   | Received a gift from Trog
 19157 | Lair:5   | Reached XP level 15. HP: 150/150 MP: 14/14
 19247 | Lair:5   | Received a gift from Trog
 19269 | Lair:5   | Identified the staff of fire "Tinuphul" {rF+ Str+6}
 20066 | D:6      | Killed xian's ghost
 20194 | Orc:1    | Entered Level 1 of the Orcish Mines
 20226 | Orc:1    | Received a gift from Trog
 20662 | Orc:2    | Entered Level 2 of the Orcish Mines
 20731 | Orc:2    | Reached skill level 15 in Armour
 21134 | Orc:2    | Found a staircase to the Elven Halls.
 21459 | Orc:2    | Found Pamev's Antique Armour Boutique.
 21459 | Orc:2    | Found Igossiolau's Weapon Boutique.
 21536 | Orc:2    | Found Zemu's Magic Scroll Shoppe.
 21536 | Orc:2    | Found Quimytit's Assorted Antiques.
 21543 | Orc:2    | Bought a pair of glowing gloves for 270 gold pieces
 21543 | Orc:2    | Bought a pair of smoking boots for 342 gold pieces
 21543 | Orc:2    | Identified the +2 pair of boots of the Disturbing Wars
                  | {Rampage +Inv SInv Stlth+} (You bought it in a shop on
                  | level 2 of the Orcish Mines)
 21583 | Orc:2    | Bought a pair of faintly glowing boots for 342 gold pieces
 21583 | Orc:2    | Identified the +1 pair of boots of Protective Custody
                  | {rC+++ Will+} (You bought it in a shop on level 2 of the
                  | Orcish Mines)
 21887 | Orc:1    | Received a gift from Trog
 21941 | Orc:1    | Found a runed translucent door.
 22603 | Spider:1 | Entered Level 1 of the Spider Nest
 22848 | Spider:1 | Received a gift from Trog
 23712 | Spider:1 | Noticed an emperor scorpion
 23723 | Spider:1 | Killed an emperor scorpion
 24438 | Spider:2 | Noticed an emperor scorpion
 24444 | Spider:2 | Killed an emperor scorpion
 24445 | Spider:2 | Reached XP level 16. HP: 148/161 MP: 11/15
 26205 | Spider:3 | Identified the +11 battleaxe of Animal Spirits {heavy, rN++
                  | rCorr Str-4} (Trog gifted it to you on level 3 of the
                  | Spider Nest)
 26205 | Spider:3 | Received a gift from Trog
 27403 | Spider:4 | Entered Level 4 of the Spider Nest
 27760 | Spider:4 | Received a gift from Trog
 28257 | Spider:4 | Paralysed by a jorogumo for 2 turns
 28266 | Spider:4 | HP: 8/167 [poisoned by a redback]
 28271 | Spider:4 | HP: 3/167 [wolf spider[a broodmother] (12)]
 28271 | Spider:4 | Slain by a wolf spider

Illustrated notes

Levels and vault maps discovered:
D:1:      arrival_aquarium_a, layout_basic
D:2:      layout_rooms, uniq_jessica
D:3:      layout_loops_corners
D:4:      layout_rooms
D:5:      layout_basic
D:6:      layout_loops_ring, ebering_ghost_gozag, serial_bayou_pond_d
D:7:      layout_layer_cave, minmay_temple_entry_stoned_glass,
          gup_ossuary_entry_pyramid, serial_shops, shop,
          nicolae_figureground_sparkle, uniq_prince_ribbit1,
          uniq_crazy_yiuf_cottage
D:8:      layout_gridville, minmay_lair_entry_lava, serial_bayou_pond_e,
          uniq_maurice
D:9:      layout_stronghold, nicolae_hepliaklqana_hazy_memory, david_orc_5,
          biasface_ghost_orc_armoury
D:10:     layout_long_grid, serial_shops, nicolae_shop_hallway_plus,
          serial_bayou, serial_bayou_shore_a, serial_bayou_pond_a,
          serial_bayou_lagoon_a, serial_bayou_shore_b, due_unseen_surprise
D:11:     layout_stronghold, nicolae_trove_entry_free_sample, serial_shops,
          nicolae_shop_hallway_stairs, minivault_16, minmay_crystal_room,
          nicolae_looking_at_the_future
D:12:     layout_long_grid, uniq_lodul, uniq_nergalle
D:13:     layout_cave_pools, david_vaults_4, serial_shops, nicolae_stop_n_shop_2
D:14:     minmay_isolated_rectangles_in_corner, layout_cave_pools, serial_shops,
          nicolae_shop_statue_plus, nicolae_sif_muna_condensation, uniq_agnes
Lair:1:   layout_roguey, nicolae_quartered_pool_little, grunt_megastairs_3,
          uniq_erica, uniq_harold, uniq_amaemon
Lair:2:   layout_regular_city, spider_nest_entry_web_field, minmay_hedge_maze
Lair:3:   layout_gridlike, shoals_dummy_entry, serial_forest,
          infiniplex_forest_3_way, infiniplex_forest_lined_3_way,
          infiniplex_forest_lined_corner, infiniplex_forest_straight_2,
          lemuel_fruit_tree, lemuel_fruit_fields
Lair:4:   beast_lair_carwin_large_4, layout_gridlike,
          nicolae_slime_entry_slimehenge, st_stairs_7
Lair:5:   hangedman_lair_caniforms_friends, layout_gridlike,
          hangedman_lair_tendril_chambers, dreamdust_mushroom_princess,
          worms_lemuel
Spider:1: layout_spider_delve, nicolae_spider_webbed_stairs
Spider:2: layout_cave_pods, hangedman_spider_tarantella_strand
Spider:3: layout_spider_delve
Spider:4: grunt_spider_rune_parallel, gammafunk_ghost_cemetery,
          beargit_elvish_explorers
Orc:1:    layout_caves, lightli_church_of_beogh
Orc:2:    st_orc_elflike, layout_caves

Skill      XL: |  1  2  3  4  5  6  7  8  9 10 11 12 13 14 15 16 |
---------------+-------------------------------------------------+-----
Fighting       | 4 5 6 7 9 10 12 14 15 17 18 20 21 | 21.1
Axes           | 4 5 6 7 8 10 12 13 15 17 18 20 21 | 21.0
Armour         | 3 4 5 6 7 8 10 11 12 14 16 17 | 17.5
Dodging        | 3 4 5 6 8 9 10 11 12 13 14 | 14.1

Action                     |  1- 3 |  4- 6 |  7- 9 | 10-12 | 13-15 | 16-18 || total
---------------------------+-------+-------+-------+-------+-------+-------++-------
  Melee: Hand axe          |    54 |   159 |   284 |       |       |       ||   497
         Headbutt          |     8 |    28 |    67 |    63 |   200 |    54 ||   420
         Punch             |     2 |     5 |     6 |     6 |     6 |       ||    25
         War axe           |       |       |    10 |   329 |   496 |       ||   835
         Demon whip        |       |       |       |       |     5 |       ||     5
         Executioner's axe |       |       |       |       |   313 |   207 ||   520
  Throw: Throwing net      |       |       |       |     1 |       |       ||     1
 Invoke: Berserk           |     1 |     1 |     4 |     2 |     1 |     1 ||    10
         Brothers in Arms  |       |       |     1 |     6 |       |     4 ||    11
         Trog's Hand       |       |       |       |     3 |     2 |       ||     5
  Evoke: Wand              |       |       |       |     6 |       |       ||     6
    Use: Potion            |       |       |       |     3 |       |     6 ||     9
         Scroll            |       |       |       |    18 |    14 |     1 ||    33
 Armour: Animal skin       |     6 |       |       |       |       |       ||     6
         Chain mail        |       |    65 |   125 |    24 |       |       ||   214
         Scale mail        |       |       |       |   135 |   422 |   174 ||   731
  Dodge: Dodged            |    31 |    73 |   160 |   284 |   587 |   209 ||  1344

Table legend: (Time is in decaauts)
 A = Elapsed time spent in this place.
 B = Non-inter-level travel time spent in this place.
 C = Inter-level travel time spent in this place.
 D = Time resting spent in this place.
 E = Time spent auto-exploring this place.
 F = Levels seen in this place.
 G = Mean time per level.
                   A        B        C        D        E       F      G
               +--------+--------+--------+--------+--------+-----+--------+
         Total |  28188 |  26388 |   1800 |   1510 |  20927 |  26 | 1084.2 |
       Dungeon |  13199 |  12116 |   1083 |    404 |   9931 |  14 |  942.8 |
          Lair |   6923 |   6528 |    395 |    245 |   5237 |   5 | 1384.6 |
   Spider Nest |   5672 |   5547 |    125 |    861 |   3991 |   4 | 1418.0 |
  Orcish Mines |   2042 |   1846 |    196 |      0 |   1545 |   2 | 1021.0 |
       Ossuary |    349 |    349 |      0 |      0 |    222 |   1 |  349.0 |
               +--------+--------+--------+--------+--------+-----+--------+

Top non-repeatable levels by time:
  Lair:5: 2294 daAuts
Spider:3: 1893 daAuts
Spider:1: 1759 daAuts
Spider:2: 1648 daAuts
     D:9: 1379 daAuts
    D:11: 1333 daAuts
  Lair:3: 1320 daAuts
     D:7: 1286 daAuts
  Lair:2: 1228 daAuts
    D:10: 1156 daAuts
     D:5: 1100 daAuts
   Orc:2: 1090 daAuts
    D:12: 1071 daAuts
  Lair:4: 1055 daAuts
     D:8: 1040 daAuts
